 Dungeon Crawl Stone Soup version 0.28-a0-751-gef3a642a4e (webtiles) character file.

Game seed: 187637139772261021

11607 Sabo the Basher (level 12, -1/96 HPs)
             Began as a Formicid Fighter on Oct 30, 2021.
             Was a High Priest of Okawaru.
             Slain by Saint Roka (25 damage)
             ... on level 1 of the Orcish Mines.
             The game lasted 00:59:11 (12613 turns).

Sabo the Basher (Formicid Fighter)                 Turns: 12613, Time: 00:59:12

Health: -1/96      AC: 36    Str: 25    XL:     12   Next: 9%
Magic:  12/12      EV:  8    Int: 12    God:    Okawaru [*****.]
Gold:   1247       SH:  6    Dex: 13    Spells: 11/11 levels left

rFire   + . .      SeeInvis +   w - +7 flail "Tawuqol" {holy, rF+ rC+ Int+3 Dex-3}
rCold   + . .      Faith    .   a - +0 buckler {AC+3}
rNeg    + . .      Spirit   .   y - +15 Maxwell's patent armour {-Cast -Tele rElec Will+ rCorr}
rPois   .          Reflect  .   (helmet unavailable)
rElec   +          Harm     .   x - +0 cloak
rCorr   +          Rampage  .   (no gloves)
Will    ++...      NoCast   +   j - +2 pair of boots
Stlth   ..........              (no amulet)
HPRegen 0.26/turn               n - ring of positive energy
MPRegen 0.13/turn               B - +6 ring of dexterity

@: no status effects
A: permanent stasis, dig shafts and tunnels, antennae 3, four strong arms
a: Dig, Shaft Self, Renounce Religion, Heroism, Finesse, Duel


You were on level 1 of the Orcish Mines.
You worshipped Okawaru.
Okawaru was extremely pleased with you.
You visited 2 branches of the dungeon, and saw 11 of its levels.

You collected 1247 gold pieces.

Inventory:

Hand Weapons
 c - a +1 hand axe of freezing
 d - a +2 halberd of flaming
 w - the +7 flail "Tawuqol" (weapon) {holy, rF+ rC+ Int+3 Dex-3}
   (You found it on level 4 of the Dungeon)

   It has been blessed by the Shining One to cause great damage to the undead
   and demons.
   Int:       It affects your intelligence (+3).
   Dex:       It affects your dexterity (-3).
   rF:        It protects you from fire.
   rC:        It protects you from cold.
 z - a +0 hunting sling
 J - a +0 glaive of protection
 K - a +2 dire flail of freezing
 L - a +3 battleaxe of freezing
 O - a +3 rapier of draining
Missiles
 h - 110 sling bullets
 l - 196 arrows
 o - 3 boomerangs of dispersal
 q - 81 bolts
 F - 7 boomerangs
 P - a throwing net
Armour
 a - a +0 buckler of protection (worn)
 j - a +2 pair of boots (worn)
 x - a +0 cloak (worn)
 y - the +15 Maxwell's patent armour (worn) {-Cast -Tele rElec Will+ rCorr}
   (You found it on level 8 of the Dungeon)

   rElec:     It insulates you from electricity.
   -Cast:     It prevents spellcasting.
   -Tele:     It prevents most forms of teleportation.
   rCorr:     It protects you from acid and corrosion.
   Will:      It increases your willpower.
Jewellery
 n - a ring of positive energy (left hand)
 A - a ring of flight
 B - a +6 ring of dexterity (right hand)
Wands
 e - a wand of acid (12)
 i - a wand of flame (1)
 u - a wand of iceblast (9)
 E - a wand of paralysis (5)
 M - a wand of polymorph (10)
 N - a wand of mindburst (9)
Scrolls
 g - 2 scrolls of magic mapping
 k - 2 scrolls of fog
Potions
 f - a potion of berserk rage {unknown}
 m - 4 potions of cancellation
 p - a potion of degeneration {unknown}
 s - 2 potions of attraction {unknown}
 t - a potion of invisibility {unknown}
 v - 2 potions of resistance {unknown}
 C - 2 potions of mutation {unknown}
 D - a potion of flight {unknown}


   Skills:
 + Level 9.4 Fighting
 + Level 3.7(8.8) Axes
 + Level 12.3(12.5) Maces & Flails
 + Level 8.9 Armour
 + Level 3.3 Dodging
 + Level 2.1 Stealth
 + Level 8.4 Shields


You had 11 spell levels left.
You didn't know any spells.
Your spell library contained the following spells:

 Spells                   Type           Power      Damage    Failure   Level
 Passwall                 Tmut/Erth      0%         N/A       99%         2
 Ozocubu's Armour         Ice            0%         N/A       100%        3
 Airstrike                Air            0%         N/A       100%        4
 Fireball                 Conj/Fire      0%         3d3       100%        5
 Lightning Bolt           Conj/Air       0%         1d11      100%        5
 Invisibility             Hex            0%         N/A       100%        6
 Starburst                Conj/Fire      0%         6d3       100%        6
 Ozocubu's Refrigeration  Ice            0%         4d5       100%        7
 Ignition                 Fire           0%         3d3       100%        8
 Swiftness                Air            Unusable   N/A       N/A         3
 Summon Lightning Spire   Summ/Air       Unusable   N/A       N/A         4

Dungeon Overview and Level Annotations

Branches:
Dungeon (9/15)             Temple (0/1) D:5             Orc (2/2) D:9
   Lair: D:8-11         Elf: Orc:2

Altars:
Elyvilon
Gozag
Hepliaklqana
Makhleb
Nemelex Xobeh
Okawaru
Uskayaw
Vehumet
Wu Jian
Yredelemnul

Shops:
Orc:1 :

Annotations:
Orc:1 Saint Roka


Innate Abilities, Weirdness & Mutations

You cannot be hasted, slowed, berserked, paralysed or teleported.
You can dig through walls and to a lower floor.
You have a pair of large antennae on your head. (SInv)
Your four strong arms can wield two-handed weapons with a shield.


Message History

* * * LOW HITPOINT WARNING * * *
x2 The orc hits you but does no damage.
The orc warrior hits you from afar with a +0 trident.
* * * LOW HITPOINT WARNING * * *
You feel much better. You block the orc sorcerer's attack.
Saint Roka hits you but does no damage. The orc hits you but does no damage.
The orc warrior hits you but does no damage.
Saint Roka hits you with a +0 vorpal war axe!
The orc hits you but does no damage.
You closely miss the orc.
The orc sorcerer points at you and mumbles some strange words.
The bolt of negative energy misses you.
Saint Roka invokes the aid of Beogh against you.
Beogh smites you!
* * * LOW HITPOINT WARNING * * *
You thump the orc!
You kill the orc!
You block the orc warrior's attack. The orc sorcerer barely misses you.
Saint Roka hits you with a +0 vorpal war axe.
* * * LOW HITPOINT WARNING * * *
x2 The orc warrior hits you but does no damage.
You block the orc sorcerer's attack.
There is a stone staircase leading up, spattered with blood here.
Things that are here:
a +0 club; a +0 leather armour You can't go down here!
Saint Roka barely misses you.
The orc warrior hits you but does no damage.
The orc sorcerer hits you but does no damage.
You climb upwards.
There is a stone staircase leading down, spattered with blood here.
You hit Saint Roka.
Saint Roka is moderately wounded.
Saint Roka completely misses you.
The orc sorcerer hits you but does no damage.
You closely miss Saint Roka.
Saint Roka is moderately wounded.
Saint Roka says, "Down here, you're an orc or you're nobody."
Saint Roka hits you with a +0 vorpal war axe!!
You die...

##.............#.................
#..............#.................
......................#..........
..........#.#..............#.....
...#.....#.##.............#......
................................#
...#....#........................
..##...#.......).[...............
##.............[@o..........#....
#..............$[o.........#.....
##.##..#............#.......#.#..
## ###.........##...............
##.#.......#.........#...#.
###......##.............#.
##.......##.............#..
#.....................^#.#.
##.#...#.........>.........


You could see Saint Roka and an orc sorcerer (strong).

Vanquished Creatures
  Harold (D:9)
  2 two-headed ogres (D:9)
  Pikel (D:5)
  An orc knight (Orc:1)
  An orc sorcerer (Orc:1)
  A cyclops (D:9)
  Maurice (D:9)
  The ghost of bande the Covered, a novice GrFi (D:4)
  A hornet (D:9)
  2 trolls
  6 yaks (D:9)
  Menkaure (D:7)
  Edmund (D:5)
  An acid dragon (D:9)
  2 wargs
  Duvessa (D:6)
  A sky beast (D:5)
  11 orc warriors
  2 ice beasts
  2 necrophages
  3 black bears
  6 ogres
  4 centaurs
  3 phantoms (D:4)
  7 bullfrogs
  4 scorpions (D:5)
  Dowan (D:6)
  A water moccasin skeleton (D:6)
  3 killer bees (D:8)
  8 wights
  3 howler monkeys
  A bullfrog zombie (D:6)
  3 centaur zombies
  A crimson imp (D:7)
  A jelly (D:7)
  4 hounds
  10 orc priests
  A bullfrog skeleton (D:7)
  3 centaur skeletons
  Natasha (thrice) (D:4)
  10 orc wizards
  2 killer bee zombies
  16 adders
  A white imp (D:6)
  3 worms
  A dart slug (D:1)
  47 orcs
  9 bats
  4 endoplasms
  3 giant cockroaches
  4 goblins
  11 hobgoblins
  4 jackals (D:1)
  8 kobolds
  A quokka (D:3)
  3 ball pythons
  4 frilled lizards
  5 rats
246 creatures vanquished.

Vanquished Creatures (others)
  An orc priest (D:9)
  2 orc wizards
3 creatures vanquished.

Grand Total: 249 creatures vanquished

Notes
Turn   | Place    | Note
-------+----------+-------------------------------------------
     0 | D:1      | Sabo the Formicid Fighter began the quest for the Orb.
     0 | D:1      | Reached XP level 1. HP: 18/18 MP: 1/1
    72 | D:1      | Reached XP level 2. HP: 24/24 MP: 2/2
   227 | D:1      | Reached XP level 3. HP: 25/30 MP: 3/3
   947 | D:2      | Reached XP level 4. HP: 26/37 MP: 4/4
  1511 | D:2      | You fall into a shaft and drop 2 floors!
  1568 | D:4      | Found a runed translucent door.
  1568 | D:4      | Identified the +7 flail "Tawuqol" {holy, rF+ rC+ Int+3
                  | Dex-3}
  1568 | D:4      | Noticed a bullfrog
  1616 | D:3      | Reached XP level 5. HP: 42/43 MP: 5/5
  1868 | D:3      | Found an iron altar of Okawaru.
  1960 | D:3      | Became a worshipper of Warmaster Okawaru
  2222 | D:3      | Reached skill level 1 in Maces & Flails
  2434 | D:3      | Noticed an ice beast
  2447 | D:3      | Killed an ice beast
  2448 | D:3      | Reached skill level 2 in Maces & Flails
  2448 | D:3      | Reached XP level 6. HP: 45/49 MP: 6/6
  2633 | D:4      | Noticed bande's ghost (novice GrFi)
  2643 | D:4      | Reached * piety under Okawaru
  2644 | D:4      | Reached skill level 3 in Maces & Flails
  2644 | D:4      | Reached XP level 7. HP: 55/55 MP: 7/7
  2658 | D:4      | Killed bande's ghost
  2659 | D:4      | Reached skill level 5 in Fighting
  2659 | D:4      | Reached skill level 4 in Maces & Flails
  2659 | D:4      | Reached skill level 1 in Dodging
  2872 | D:4      | Noticed Natasha
  2878 | D:4      | Reached XP level 8. HP: 57/62 MP: 8/8
  2881 | D:4      | Killed Natasha
  2957 | D:4      | Noticed Natasha
  2960 | D:4      | Killed Natasha
  2961 | D:4      | Reached skill level 5 in Maces & Flails
  2993 | D:4      | Reached ** piety under Okawaru
  2994 | D:4      | Reached skill level 5 in Shields
  3113 | D:4      | Found a hide-covered altar of Uskayaw.
  3176 | D:4      | Noticed Natasha
  3182 | D:4      | Killed Natasha
  3183 | D:4      | Reached skill level 5 in Armour
  3302 | D:5      | Entered Level 5 of the Dungeon
  3319 | D:5      | Noticed Edmund
  3335 | D:5      | Killed Edmund
  3336 | D:5      | Reached skill level 1 in Stealth
  3467 | D:5      | You fall into a shaft and drop 2 floors!
  3479 | D:7      | Reached skill level 6 in Maces & Flails
  3488 | D:7      | Noticed Menkaure
  3499 | D:7      | Killed Menkaure
  3500 | D:7      | Reached XP level 9. HP: 14/69 MP: 9/9
  3911 | D:6      | Noticed Dowan
  3912 | D:6      | Noticed Duvessa
  3927 | D:6      | Killed Duvessa
  3928 | D:6      | Reached skill level 7 in Maces & Flails
  3931 | D:6      | HP: 1/69 [Dowan (6)]
  3939 | D:6      | Killed Dowan
  3939 | D:6      | Reached *** piety under Okawaru
  4768 | D:5      | Noticed Pikel
  4774 | D:5      | Reached skill level 8 in Maces & Flails
  4787 | D:5      | Killed Pikel
  4788 | D:5      | Reached XP level 10. HP: 46/77 MP: 10/10
  4791 | D:5      | Reached **** piety under Okawaru
  5253 | D:5      | Reached skill level 9 in Maces & Flails
  5517 | D:5      | Found a staircase to the Ecumenical Temple.
  6266 | D:6      | HP: 2/79 [orc warrior (11)]
  7040 | D:6      | Found an opulent altar of Gozag.
  7484 | D:7      | Found an ornate altar of the Wu Jian Council.
  7485 | D:7      | Found a hazy altar of Hepliaklqana.
  7486 | D:7      | Found a white marble altar of Elyvilon.
  7517 | D:7      | Found a sparkling altar of Nemelex Xobeh.
  7593 | D:7      | Found a burning altar of Makhleb.
  7593 | D:7      | Found a radiant altar of Vehumet.
  7599 | D:7      | Reached skill level 10 in Maces & Flails
  8105 | D:8      | Identified the +2 ring mail of the Bouncing Shrikes {rPois
                  | Dex+3}
  8184 | D:8      | Found a basalt altar of Yredelemnul.
  8595 | D:8      | Found the +15 Maxwell's patent armour {-Cast -Tele rElec
                  | Will+ rCorr}
  8605 | D:8      | Reached ***** piety under Okawaru
  9192 | D:9      | Noticed a two-headed ogre
  9216 | D:9      | Killed a two-headed ogre
  9217 | D:9      | Reached XP level 11. HP: 31/86 MP: 11/11
  9506 | D:9      | Noticed a cyclops
  9521 | D:9      | Killed a cyclops
  9522 | D:9      | Reached skill level 11 in Maces & Flails
  9532 | D:9      | Found a staircase to the Orcish Mines.
  9773 | D:9      | Noticed a two-headed ogre
  9782 | D:9      | Killed a two-headed ogre
  9981 | D:9      | Noticed Maurice
 10008 | D:9      | Killed Maurice
 10420 | D:9      | Noticed Harold
 10442 | D:9      | Killed Harold
 10442 | D:9      | Received a gift from Okawaru
 10545 | D:9      | Identified a scroll of acquirement
 10545 | D:9      | Acquired a +0 buckler of protection
 10698 | Orc:1    | Entered Level 1 of the Orcish Mines
 10752 | Orc:1    | Noticed an orc knight
 10754 | Orc:1    | Noticed an orc sorcerer
 10956 | D:9      | Reached skill level 12 in Maces & Flails
 11263 | Orc:1    | Killed an orc sorcerer
 11274 | Orc:1    | Killed an orc knight
 11754 | Orc:1    | Reached XP level 12. HP: 77/95 MP: 12/12
 11872 | Orc:1    | Found Hourucra's Book Shoppe.
 12084 | Orc:2    | Entered Level 2 of the Orcish Mines
 12208 | Orc:2    | Noticed Saint Roka
 12613 | Orc:1    | Slain by Saint Roka

Illustrated notes

Levels and vault maps discovered:
D:1:      minmay_arrival_up_and_down, layout_loops_ring, serial_glass,
          glass_columns_a, glass_columns_b
D:2:      layout_rooms
D:3:      layout_basic, okawaru_metal_pillars_1_2, serial_park_tiny_2
D:4:      layout_rooms, lemuel_round_altar, ebering_ghost_sewer_d, uniq_natasha
D:5:      layout_basic, minmay_temple_entry_crystal_x, minmay_crystal_room,
          minmay_fractal_squares_gapless_5, uniq_pikel, uniq_edmund
D:6:      layout_basic, marbit_many_paths, uniq_duvessa
D:7:      layout_basic, grunt_temple_overflow_lords_of_destruction,
          nicolae_overflow_quartered_altars, uniq_menkaure
D:8:      layout_basic, lemuel_round_altar
D:9:      layout_loops_cross, orc_david_3, uniq_maurice, uniq_harold
Orc:1:    layout_caves, serial_shops, nicolae_square_shop
Orc:2:    st_orc_congregation, layout_diamond_mine, serial_shops, shop,
          bloody_makhleb, uniq_saint_roka

Skill      XL: |  1  2  3  4  5  6  7  8  9 10 11 |
---------------+----------------------------------+-----
Shields        | 4 5 6 7 8 |  8.4
Fighting       | 4 5 6 8 9 |  9.4
Axes           | 3 |  3.7
Maces & Flails | 2 3 4 6 8 10 12 | 12.3
Armour         | 4 5 6 8 |  8.9
Dodging        | 1 2 3 |  3.3
Stealth        | 1 2 |  2.1

Action                   |  1- 3 |  4- 6 |  7- 9 | 10-12 || total
-------------------------+-------+-------+-------+-------++-------
Melee: War axe           |    71 |    30 |       |       ||   101
       Flail             |       |    86 |   181 |   490 ||   757
 Abil: Dig               |       |     3 |       |    13 ||    16
  Use: Scroll            |       |     3 |     2 |    11 ||    16
       Potion            |       |       |     3 |     8 ||    11
Armor: Scale mail        |    42 |    33 |       |       ||    75
       Chain mail        |       |    32 |   103 |   101 ||   236
       Plate armour      |       |       |       |   196 ||   196
Dodge: Dodged            |    32 |    37 |    72 |   184 ||   325
Block: Buckler           |    21 |    24 |    41 |   149 ||   235

Table legend: (Time is in decaauts)
 A = Elapsed time spent in this place.
 B = Non-inter-level travel time spent in this place.
 C = Inter-level travel time spent in this place.
 D = Time resting spent in this place.
 E = Time spent auto-exploring this place.
 F = Levels seen in this place.
 G = Mean time per level.
                   A        B        C        D        E       F      G
               +--------+--------+--------+--------+--------+-----+--------+
         Total |  12655 |  12655 |      0 |   4739 |      0 |  11 | 1150.5 |
       Dungeon |  11425 |  11425 |      0 |   4179 |      0 |   9 | 1269.4 |
  Orcish Mines |   1230 |   1230 |      0 |    560 |      0 |   2 |  615.0 |
               +--------+--------+--------+--------+--------+-----+--------+

Top non-repeatable levels by time:
     D:9: 2174 daAuts
     D:6: 1914 daAuts
     D:5: 1566 daAuts
     D:7: 1332 daAuts
   Orc:1: 1079 daAuts
     D:8: 1056 daAuts
     D:3: 876 daAuts
     D:1: 868 daAuts
     D:2: 852 daAuts
     D:4: 784 daAuts
   Orc:2: 151 daAuts
